[Event "Titled Tuesday Blitz February 21 Late 2023"]
[White "Battlecruiser_Operational"]
[Black "Oro, Faustino"]
[BlackFideId "20000197"]
[WhiteElo "2290"]
[BlackElo "2269"]
[Result "0-1"]
[Round "02"]
[TimeControl "180+2"]
[Date "2023.02.21"]
[WhiteClock "0:00:02"]
[BlackClock "0:00:12"]

1. d4 Nf6 2. Nf3 e6 3. Bg5 c5 4. c3 Be7 5. Nbd2 O-O 6. e4 d6 7. Bd3 Nc6 8. Rc1 b6 9. O-O Bb7 10. Re1 h6 11. Bh4 Rc8 12. Qe2 cxd4 13. cxd4 Nb4 14. Bb1 Ba6 15. Qe3 Qd7 16. a3 Nc6 17. b4 Bb7 18. h3 Rfd8 19. g4 Nh7 20. Bg3 Bf8 21. g5 hxg5 22. Nxg5 g6 23. Nxh7 Kxh7 24. h4 e5 25. Nf3 Bh6 26. Ng5+ Bxg5 27. hxg5 Nxd4 28. Kg2 Qg4 29. Rg1 Qe2 30. Rh1+ Kg8 31. Qxe2 Nxe2 32. Rce1 Nd4 33. Rc1 Ne6 34. Bh4 d5 35. f3 dxe4 36. fxe4 Nf4+ 37. Kf3 Ba6 38. Ba2 Rd3+ 0-1


[Site "https://www.chess.com"]

[Event "Titled Tuesday Blitz February 21 Late 2023"]
[White "Mendonca, Mateus Nakajo"]
[Black "Van Dael, Siem"]
[WhiteFideId "2110954"]
[BlackFideId "1049771"]
[WhiteElo "2410"]
[BlackElo "2319"]
[Result "1-0"]
[Round "02"]
[TimeControl "180+2"]
[Date "2023.02.21"]
[WhiteClock "0:00:22"]
[BlackClock "0:00:37"]

1. d4 g6 2. Nf3 Bg7 3. g3 b6 4. Bg2 Bb7 5. O-O Nf6 6. c4 O-O 7. d5 Ne4 8. Qc2 f5 9. Nbd2 Nd6 10. e4 fxe4 11. Nxe4 Nxe4 12. Qxe4 Na6 13. Re1 e6 14. Bg5 Bf6 15. Qh4 exd5 16. Bxf6 Qxf6 17. Ng5 Qxf2+ 18. Kh1 h5 19. cxd5 Qxb2 20. Qc4 b5 21. Qd3 Qf6 22. Ne4 Qf5 23. Qxb5 Rab8 24. Rf1 Qe5 25. Rxf8+ Rxf8 26. Re1 Kh8 27. Qxb7 Nc5 28. Qb1 Re8 29. Qc1 Nd3 30. Qh6+ Kg8 31. Qxg6+ Kh8 32. Rf1 h4 33. Nf6 Nf2+ 34. Rxf2 1-0


[Site "https://www.chess.com"]

[Event "Titled Tuesday Blitz February 21 Late 2023"]
[White "Krzywda, Andrzej"]
[Black "Soham Kamotra"]
[WhiteFideId "1114565"]
[BlackFideId "46647490"]
[WhiteElo "2223"]
[BlackElo "2319"]
[Result "0-1"]
[Round "02"]
[TimeControl "180+2"]
[Date "2023.02.21"]
[WhiteClock "0:00:14"]
[BlackClock "0:00:17"]

1. Nf3 Nf6 2. g3 b6 3. d4 Bb7 4. Bg2 c5 5. dxc5 bxc5 6. c4 e6 7. Nc3 d6 8. Bf4 a6 9. Qb3 Qc7 10. Rd1 Nc6 11. O-O Be7 12. Qc2 O-O 13. Rd2 h6 14. Rfd1 Rfd8 15. h3 Rab8 16. g4 e5 17. Bg3 Nd4 18. Nxd4 cxd4 19. Ne4 Bxe4 20. Bxe4 Nxe4 21. Qxe4 Qxc4 22. b3 Qe6 23. Qc6 h5 24. f3 Bg5 25. Rd3 Be3+ 26. Kg2 Rdc8 27. Qxa6 Ra8 28. Qb7 Rxa2 29. Kf1 Rcc2 30. Rxe3 dxe3 31. Qb8+ Rc8 32. Qb7 hxg4 33. hxg4 Rac2 34. Qb6 e4 35. Rxd6 Rc1+ 36. Kg2 exf3+ 37. exf3 Qe8 38. Bh4 e2 39. Qd4 e1=Q 40. Bxe1 Rxe1 41. Kg3 Qe5+ 42. Qxe5 Rxe5 0-1


[Site "https://www.chess.com"]

[Event "Titled Tuesday Blitz February 21 Late 2023"]
[White "Vaglio Mattey, Emanuel"]
[Black "Adewumi, Tanitoluwa"]
[WhiteFideId "6504167"]
[BlackFideId "30966396"]
[WhiteElo "2155"]
[BlackElo "2283"]
[Result "1-0"]
[Round "02"]
[TimeControl "180+2"]
[Date "2023.02.21"]
[WhiteClock "0:00:22"]
[BlackClock "0:00:07"]

1. d4 Nf6 2. Nf3 e6 3. Bg5 h6 4. Bh4 Be7 5. Nbd2 d5 6. e3 c5 7. c3 Nc6 8. Bd3 O-O 9. O-O Nd7 10. Bg3 Bf6 11. Bd6 Re8 12. dxc5 Be7 13. Bxe7 Qxe7 14. b4 a5 15. a3 Qf6 16. Qb3 b6 17. Bb5 Bb7 18. Bxc6 Bxc6 19. Nd4 Rec8 20. Nxc6 Rxc6 21. e4 a4 22. Qc2 bxc5 23. exd5 exd5 24. b5 Rb6 25. c4 dxc4 26. Rab1 c3 27. Nc4 Rbb8 28. Rfd1 Nf8 29. Rd6 Ne6 30. b6 Qg5 31. Qxc3 Nf4 32. Qf3 Re8 33. g3 Ne2+ 34. Kg2 Nd4 35. Qd5 Qg4 36. h3 Qg5 37. Qxg5 hxg5 38. b7 Rab8 39. Rd5 Nb3 40. Nd6 Red8 41. Rbd1 f6 42. h4 gxh4 43. gxh4 Kf8 44. h5 c4 45. h6 gxh6 46. Nxc4 Rxd5 47. Rxd5 Rxb7 48. Rd8+ Ke7 49. Rh8 Ke6 50. Rxh6 Rc7 51. Ne3 Rc3 52. Ng4 Nd4 53. Rxf6+ Ke7 54. Ra6 Rxa3 55. Ne3 Ne6 56. Nd5+ Kf7 57. Ra7+ Kg6 58. Ra6 Kf5 59. Ne3+ Ke5 60. Nc4+ Ke4 61. Nxa3 Nf4+ 62. Kh2 Ne2 63. Rxa4+ Kf3 64. Nc2 Kxf2 65. Ra2 Nc3 66. Ra3 Ne2 67. Ra4 Kf3 68. Ra8 Kf2 69. Rf8+ Nf4 70. Rxf4+ Ke2 71. Kg3 Kd3 72. Kf3 Kxc2 73. Re4 Kd3 74. Kf4 Kd2 75. Re3 Kd1 76. Kf3 Kd2 77. Kf2 Kd1 78. Re2 Kc1 79. Ke3 Kd1 80. Kd3 Kc1 81. Kc3 Kd1 82. Re3 Kc1 83. Re1# 1-0


[Site "https://www.chess.com"]

[Event "Titled Tuesday Blitz February 21 Late 2023"]
[White "Aydincelebi, Kagan"]
[Black "Sawyer, Bradley"]
[WhiteFideId "6361102"]
[BlackFideId "2023784"]
[WhiteElo "2280"]
[BlackElo "2172"]
[Result "1-0"]
[Round "02"]
[TimeControl "180+2"]
[Date "2023.02.21"]
[WhiteClock "0:01:56"]
[BlackClock "0:01:13"]

1. e4 e5 2. Nf3 Nc6 3. Bb5 a6 4. Ba4 Nf6 5. O-O Be7 6. d3 b5 7. Bb3 d6 8. a4 Bd7 9. Nc3 Na5 10. Ba2 bxa4 11. Ng5 O-O 12. f4 exf4 13. Bxf4 Qe8 14. Qd2 Nh5 15. Be3 Bxg5 16. Bxg5 Be6 17. Nd5 Bxd5 18. Bxd5 c6 19. Ba2 h6 1-0


[Site "https://www.chess.com"]

[Event "Titled Tuesday Blitz February 21 Late 2023"]
[White "Alex_Sahakyan2006"]
[Black "Sarkar, Justin"]
[BlackFideId "2010011"]
[WhiteElo "2654"]
[BlackElo "2309"]
[Result "1-0"]
[Round "02"]
[TimeControl "180+2"]
[Date "2023.02.21"]
[WhiteClock "0:00:08"]
[BlackClock "0:00:09"]

1. Nf3 d5 2. g3 g6 3. c4 dxc4 4. Na3 Bg7 5. Nxc4 Nc6 6. Bg2 e5 7. d3 Nge7 8. O-O O-O 9. Rb1 a5 10. Be3 h6 11. Qd2 Nf5 12. Bc5 Re8 13. Rbc1 Be6 14. Rfd1 Qd7 15. h4 b6 16. Bxb6 Bxc4 17. dxc4 Qe7 18. Be3 Red8 19. Qc2 e4 20. Nh2 Nxe3 21. fxe3 f5 22. Rd5 Nb4 23. Rxd8+ Rxd8 24. Qb3 Rd2 25. a3 Nc6 26. Rc2 Rd1+ 27. Nf1 Qc5 28. Qb5 Qxe3+ 29. Kh2 Qf2 30. e3 Ne5 31. Rxf2 Ng4+ 32. Kg1 Nxf2 33. Kxf2 1-0


[Site "https://www.chess.com"]

[Event "Titled Tuesday Blitz February 21 Late 2023"]
[White "Mihajlov, Sebastian"]
[Black "Kostiukov, Alexandr"]
[WhiteFideId "1512110"]
[BlackFideId "14108100"]
[WhiteElo "2373"]
[BlackElo "2271"]
[Result "1-0"]
[Round "02"]
[TimeControl "180+2"]
[Date "2023.02.21"]
[WhiteClock "0:00:10"]
[BlackClock "0:00:05"]

1. e4 c5 2. Nf3 g6 3. d4 cxd4 4. Nxd4 Bg7 5. c4 Nc6 6. Be3 Nf6 7. Nc3 O-O 8. Be2 Nxd4 9. Bxd4 Qa5 10. O-O d6 11. Rb1 Be6 12. b4 Qd8 13. f3 a5 14. a3 axb4 15. axb4 Ra3 16. Nb5 Ra2 17. Bd3 Nd7 18. Bxg7 Kxg7 19. Qb3 Ra8 20. f4 Qb6+ 21. Kh1 f6 22. Nc3 Qd4 23. Nd5 Rfc8 24. Rbd1 Bxd5 25. exd5 Nb6 26. c5 dxc5 27. Bf5 Qxb4 28. Qxb4 cxb4 29. Bxc8 Rxc8 30. Rd4 b3 31. Rb4 Nxd5 32. Rxb7 Rc3 33. g3 Ne3 34. Rb1 Nf5 35. R7xb3 Rc2 36. R3b2 Rc4 37. Re1 h5 38. Rb5 Rc3 39. Rd5 Rb3 40. Re2 Rc3 41. Kg1 Kf7 42. Kf2 Nh6 43. Rd7 Nf5 44. Ra7 Rc1 45. Rb2 Rh1 46. Kg2 Rc1 47. Rbb7 Rc2+ 48. Kh3 Ke6 49. Ra6+ Kf7 50. Ra8 Nh6 51. Rbb8 Ng4 52. Rf8+ Ke6 53. Ra6+ Kd7 54. Ra7+ Ke6 55. Ra6+ Kf5 56. Ra5+ Ke4 57. Ra4+ Ke3 58. Ra3+ Kf2 59. Re8 Kg1 60. Ra1+ Kf2 61. Rxe7 Kf3 62. Ra3+ Kf2 63. f5 g5 64. Rh7 Kg1 65. Ra1+ Kf2 66. Rxh5 Ke3 67. Kxg4 Ke4 68. Re1+ Kd5 69. Rh6 Rc4+ 70. Kh5 Rb4 71. Rxf6 g4 72. Kg5 Kd4 73. Rd6+ Kc5 74. Rd2 Rb6 75. Rc1+ Kb5 76. Rb2+ Ka6 77. Rxb6+ Kxb6 78. Kxg4 1-0


[Site "https://www.chess.com"]

[Event "Titled Tuesday Blitz February 21 Late 2023"]
[White "Domingo Nunez, Ruben"]
[Black "Rego, Pedro Filipe"]
[WhiteFideId "22245570"]
[BlackFideId "1904310"]
[WhiteElo "2416"]
[BlackElo "2312"]
[Result "1/2-1/2"]
[Round "02"]
[TimeControl "180+2"]
[Date "2023.02.21"]
[WhiteClock "0:00:10"]
[BlackClock "0:00:03"]

1. b3 e5 2. Bb2 d6 3. f3 c5 4. c4 g6 5. Nc3 Bg7 6. Qc2 Nc6 7. e3 Nge7 8. a3 Be6 9. Nge2 Rc8 10. g3 d5 11. cxd5 Nxd5 12. Bg2 Nd4 13. Qd1 Nxc3 14. Bxc3 Bxb3 15. Qb1 Nc2+ 16. Kf2 Nxa1 17. Qxa1 O-O 18. h4 h5 19. Rb1 c4 20. Nc1 Qd7 21. Nxb3 cxb3 22. Rxb3 e4 23. Bd4 Bxd4 24. exd4 exf3 25. Bxf3 b6 26. d5 Qf5 27. Kg2 Rfe8 28. Qd4 Rc1 29. Rc3 Rxc3 30. Qxc3 Rd8 31. Qc6 Qe5 32. Qb7 Qd4 33. Qxa7 Qxd2+ 34. Kh3 Qc3 35. Qxb6 Re8 36. Qc6 Re3 37. Qxc3 Rxc3 38. Be4 Rxa3 39. d6 Kf8 40. Bc6 Rd3 41. d7 Ke7 42. Kg2 Kd8 43. Kf2 Kc7 44. Bb5 Rc3 45. Kg2 f6 46. Kf2 g5 47. hxg5 fxg5 48. Kg2 Rc5 49. Ba4 Rc4 50. Bb3 Rb4 51. Bf7 h4 52. gxh4 gxh4 53. Be6 Re4 54. Bf5 Rb4 55. Kh3 Rd4 56. Bg4 Kd8 57. Kxh4 Rxd7 58. Bxd7 1/2-1/2


[Site "https://www.chess.com"]

[Event "Titled Tuesday Blitz February 21 Late 2023"]
[White "Thomforde-Toates, Noah"]
[Black "Abdyzhaparov, Aidar"]
[WhiteFideId "30951992"]
[BlackFideId "13800361"]
[WhiteElo "2124"]
[BlackElo "1978"]
[Result "1-0"]
[Round "02"]
[TimeControl "180+2"]
[Date "2023.02.21"]
[WhiteClock "0:00:22"]
[BlackClock "0:00:04"]

1. e4 d6 2. d4 Nf6 3. Nc3 e5 4. Nf3 Nbd7 5. Bc4 Be7 6. O-O O-O 7. Re1 c6 8. a4 b6 9. h3 a6 10. Qe2 Bb7 11. d5 cxd5 12. exd5 Qc7 13. Ba2 Rfc8 14. Bg5 b5 15. axb5 axb5 16. Qxb5 Ba6 17. Qa4 Be2 18. Qc6 Bxf3 19. Qxc7 Rxc7 20. gxf3 Rca7 21. Be3 Ra6 22. Rab1 Rxa2 23. Nxa2 Rxa2 24. c4 Bd8 25. b4 Ra8 26. Ra1 Rc8 27. Rec1 h6 28. Kf1 g5 29. Ke2 Kg7 30. Kd3 Ne8 31. c5 f5 32. c6 Ndf6 33. Ra7+ Kg6 34. Kc4 Nc7 35. Rd1 f4 36. Bb6 Ncxd5 37. Bxd8 Rxc6+ 38. Kb5 Rc8 39. Bxf6 Nc3+ 40. Ka6 Nxd1 41. Be7 d5 42. b5 Nc3 43. b6 Rc4 44. b7 Ra4+ 45. Kb6 1-0


[Site "https://www.chess.com"]

[Event "Titled Tuesday Blitz February 21 Late 2023"]
[White "Delgado Rosas, Fatima Alexandra"]
[Black "Ozates, Tuna"]
[WhiteFideId "6603963"]
[BlackFideId "6354521"]
[WhiteElo "1500"]
[BlackElo "2251"]
[Result "0-1"]
[Round "02"]
[TimeControl "180+2"]
[Date "2023.02.21"]
[WhiteClock "0:00:37"]
[BlackClock "0:01:01"]

1. d4 f5 2. Nf3 Nf6 3. c4 e6 4. Nc3 Be7 5. g3 O-O 6. Bg2 d6 7. O-O Qe8 8. Qc2 Qh5 9. e4 fxe4 10. Nxe4 Nc6 11. a3 e5 12. d5 Bf5 13. Nxf6+ Rxf6 14. Qe2 Na5 15. Bg5 Rf7 16. Bxe7 Rxe7 17. Rac1 Rf8 18. b4 Bg4 19. Rc3 e4 20. bxa5 Bxf3 21. Bxf3 Rxf3 22. Rxf3 Qxf3 23. Qe3 b6 24. Re1 Kf7 25. axb6 axb6 26. Qxf3+ exf3 27. Rxe7+ Kxe7 28. Kf1 Kf6 29. c5 dxc5 0-1


[Site "https://www.chess.com"]

[Event "Titled Tuesday Blitz February 21 Late 2023"]
[White "Kovacs, Klara"]
[Black "Manelyuk, Daniil"]
[WhiteFideId "733210"]
[BlackFideId "44173920"]
[WhiteElo "2121"]
[BlackElo "2302"]
[Result "0-1"]
[Round "02"]
[TimeControl "180+2"]
[Date "2023.02.21"]
[WhiteClock "0:00:01"]
[BlackClock "0:00:16"]

1. d4 Nf6 2. Nf3 c5 3. d5 b5 4. e4 Nxe4 5. Bxb5 Nd6 6. Be2 g6 7. c4 Bg7 8. O-O O-O 9. Nc3 Nf5 10. Be3 d6 11. h3 Nd7 12. g4 Nxe3 13. fxe3 f5 14. g5 Ne5 15. Kh2 f4 16. e4 Qd7 17. Ng1 f3 18. Bxf3 Nxc4 19. Bg4 Qd8 20. Rxf8+ Qxf8 21. Bxc8 Qf4+ 22. Kh1 Rxc8 23. Qe2 Nd2 24. Re1 Rb8 25. Nd1 Rb4 26. Qa6 Nxe4 27. Qc8+ Bf8 28. Qe6+ Kh8 29. a3 Rd4 30. Nc3 Rd2 31. Nce2 Rxe2 32. Rxe2 Ng3+ 33. Kg2 Nxe2 34. Nxe2 Qxg5+ 35. Ng3 h5 36. Qf7 Qf6 37. Qe8 Kg7 38. b4 h4 39. Ne4 Qe5 40. Nf2 Qxd5+ 41. Kf1 cxb4 42. axb4 Qc4+ 43. Kg2 Qxb4 44. Qd7 Qd4 45. Qe6 Qe5 46. Qc8 Qg3+ 47. Kf1 a5 48. Qc4 Qe5 0-1


[Site "https://www.chess.com"]

[Event "Titled Tuesday Blitz February 21 Late 2023"]
[White "Melikhov, Evgeny V."]
[Black "Moral Garcia, Serafin"]
[WhiteFideId "4122046"]
[BlackFideId "2201925"]
[WhiteElo "2269"]
[BlackElo "2238"]
[Result "0-1"]
[Round "02"]
[TimeControl "180+2"]
[Date "2023.02.21"]
[WhiteClock "0:00:10"]
[BlackClock "0:01:25"]

1. d4 Nf6 2. c4 g6 3. Nc3 d5 4. Nf3 Bg7 5. e3 O-O 6. Be2 c5 7. O-O cxd4 8. exd4 Nc6 9. Re1 dxc4 10. Bxc4 Bg4 11. d5 Na5 12. Bf1 Rc8 13. h3 Bxf3 14. Qxf3 Nc4 15. Bxc4 Rxc4 16. Bg5 Re8 17. Rad1 h6 18. Be3 Qa5 19. d6 exd6 20. Rxd6 Ne4 21. Rd7 Ng5 22. Qd5 Bxc3 23. Qxc4 Bxe1 24. Bxg5 Qf5 0-1


[Site "https://www.chess.com"]

[Event "Titled Tuesday Blitz February 21 Late 2023"]
[White "Djokic, Mihailo"]
[Black "Jorajuria Mendoza, Algol"]
[WhiteFideId "976440"]
[BlackFideId "5128897"]
[WhiteElo "2192"]
[BlackElo "2069"]
[Result "1-0"]
[Round "02"]
[TimeControl "180+2"]
[Date "2023.02.21"]
[WhiteClock "0:01:30"]
[BlackClock "0:00:01"]

1. c4 e5 2. Nc3 Nc6 3. g3 Bc5 4. Bg2 d6 5. d3 Nge7 6. Nf3 h5 7. a3 a5 8. Rb1 Bg4 9. h3 Be6 10. Ng5 Bf5 11. Nd5 h4 12. g4 Bd7 13. b4 axb4 14. axb4 Nxd5 15. Bxd5 Bxb4+ 16. Rxb4 Nxb4 17. Nxf7 Qe7 18. Nxh8 Nxd5 19. cxd5 O-O-O 20. Ng6 Qf6 21. Nxe5 Qxe5 22. e4 Rf8 23. Be3 Qc3+ 24. Kf1 Bb5 25. Ke2 Qf6 26. f4 g5 27. Rf1 gxf4 28. Rxf4 Qg7 29. Qb3 Rxf4 30. Bxf4 Ba6 31. Qa4 Qb2+ 32. Bd2 Kd8 33. Ke3 Ke7 34. Qd4 Qxd4+ 35. Kxd4 Kf6 36. Ke3 Bb5 37. Bc3+ Kg6 38. Ba5 c6 39. Bc7 cxd5 40. exd5 1-0


[Site "https://www.chess.com"]

[Event "Titled Tuesday Blitz February 21 Late 2023"]
[White "Rios Escobar, Adan"]
[Black "Cori T., Deysi"]
[WhiteFideId "3403645"]
[BlackFideId "3801934"]
[WhiteElo "2234"]
[BlackElo "2362"]
[Result "1-0"]
[Round "02"]
[TimeControl "180+2"]
[Date "2023.02.21"]
[WhiteClock "0:00:18"]
[BlackClock "0:01:56"]

1. d4 e6 2. c4 Nf6 3. g3 Bb4+ 4. Nd2 Qe7 5. Bg2 O-O 6. Nf3 Nc6 7. O-O Bxd2 8. Bxd2 d6 9. Qc2 h6 10. b4 e5 11. d5 Nd8 12. e4 b6 13. Rfc1 Nd7 14. Be3 a5 15. a3 f5 16. exf5 Nf6 17. Nh4 Qf7 18. c5 Ng4 19. cxb6 Nxe3 20. fxe3 cxb6 21. e4 b5 22. Ng6 Re8 23. Qc7 axb4 24. Qxf7+ Nxf7 25. axb4 Rxa1 26. Rxa1 Ng5 27. h4 Nh7 28. Ra8 Bd7 29. Rxe8+ Bxe8 30. Ne7+ Kf8 31. Nc8 Nf6 32. Nxd6 Bd7 33. Kf2 Ke7 34. Nb7 Be8 35. Ke3 Ng4+ 36. Kd3 Nf2+ 37. Ke2 Ng4 38. Kf3 Nh2+ 39. Ke2 Bh5+ 40. Kd2 Bf3 41. Bxf3 Nxf3+ 42. Ke3 Nd4 43. Kd3 h5 44. Na5 Kd6 45. Nb7+ Ke7 46. Nc5 Nf3 47. Ne6 Kf6 48. d6 Nd4 49. Nxd4 exd4 50. Kxd4 Kf7 51. Kd5 Ke8 52. e5 Kd7 53. e6+ Kc8 54. Kc6 Kd8 55. Kxb5 Ke8 56. Kc6 Kd8 57. b5 Ke8 58. b6 Kd8 59. b7 1-0


[Site "https://www.chess.com"]

[Event "Titled Tuesday Blitz February 21 Late 2023"]
[White "Danielyan, Vahe"]
[Black "Lucassen, Mickey"]
[WhiteFideId "13304828"]
[BlackFideId "12919110"]
[WhiteElo "2346"]
[BlackElo "2023"]
[Result "1-0"]
[Round "02"]
[TimeControl "180+2"]
[Date "2023.02.21"]
[WhiteClock "0:01:51"]
[BlackClock "0:00:09"]

1. d4 Nf6 2. Bg5 e6 3. Nd2 d5 4. e3 h6 5. Bh4 Be7 6. Ngf3 c5 7. c3 Nc6 8. Bd3 cxd4 9. exd4 O-O 10. O-O Qc7 11. Re1 Nd7 12. Bg3 Bd6 13. Qe2 Bxg3 14. hxg3 Nf6 15. Nf1 Bd7 16. N1h2 Rab8 17. g4 Nh7 18. Bxh7+ Kxh7 19. g5 h5 20. Ne5 g6 21. f4 Kg7 22. Nhf3 Ne7 23. g4 hxg4 24. Nh2 g3 25. Nhg4 Nc6 26. Nf6 Nxe5 27. fxe5 Rh8 28. Qf3 Bc6 29. Qxg3 Qb6 30. b3 a5 31. Rf1 Qc7 32. Rf2 a4 33. Raf1 axb3 34. axb3 Rbf8 35. Ng4 Qe7 36. Nh6 Be8 37. Rh2 Rh7 38. Qh4 Kh8 39. Rf3 Bd7 40. Rfh3 Be8 41. Ng4 Rxh4 42. Rxh4+ Kg7 43. Rh7+ Kg8 44. Rh8+ Kg7 45. R2h7# 1-0


[Site "https://www.chess.com"]

[Event "Titled Tuesday Blitz February 21 Late 2023"]
[White "Hirneise, Jens"]
[Black "Benmesbah, Natacha"]
[WhiteFideId "24614734"]
[BlackFideId "642002"]
[WhiteElo "2277"]
[BlackElo "2261"]
[Result "1-0"]
[Round "02"]
[TimeControl "180+2"]
[Date "2023.02.21"]
[WhiteClock "0:01:12"]
[BlackClock "0:00:36"]

1. c4 e5 2. e3 Nf6 3. Nc3 Bb4 4. Qc2 O-O 5. Nd5 Nxd5 6. cxd5 c6 7. Bc4 d6 8. Nf3 Kh8 9. h4 f5 10. Ng5 Qf6 11. a3 Ba5 12. b4 Bb6 13. Bb2 Qe7 14. Rc1 Bd7 15. g4 cxd5 16. Bxd5 Nc6 17. gxf5 Bxf5 18. Be4 Qf6 19. Bxf5 Qxf5 20. Qxf5 Rxf5 21. b5 Ne7 22. Ke2 h6 23. Ne4 Raf8 24. Rh2 Nc8 25. Rxc8 Rxc8 26. Nxd6 Rff8 27. Nxc8 Rxc8 28. Bxe5 Rc2 29. Rg2 1-0


[Site "https://www.chess.com"]

[Event "Titled Tuesday Blitz February 21 Late 2023"]
[White "Toncheva, Nadya"]
[Black "Vaglio Munoz, Jaime"]
[WhiteFideId "2924056"]
[BlackFideId "6500145"]
[WhiteElo "2295"]
[BlackElo "2174"]
[Result "1-0"]
[Round "02"]
[TimeControl "180+2"]
[Date "2023.02.21"]
[WhiteClock "0:00:43"]
[BlackClock "0:00:02"]

1. e4 e6 2. d4 d5 3. Nd2 dxe4 4. Nxe4 Nf6 5. Bd3 Nxe4 6. Bxe4 Nd7 7. c3 Nf6 8. Bc2 Bd6 9. Nf3 Bd7 10. Qd3 Bc6 11. O-O Be4 12. Ba4+ c6 13. Qe2 Qc7 14. h3 O-O 15. Bg5 Bg6 16. Ne5 Bxe5 17. dxe5 Nd5 18. c4 Nb6 19. Bb3 Nd7 20. Be7 Rfe8 21. Bd6 Qa5 22. h4 h5 23. Rad1 Nc5 24. Bc2 Bxc2 25. Qxc2 Nd7 26. Qe2 g6 27. a3 c5 28. Rd3 Qd8 29. Qe4 b6 30. Rfd1 Qc8 31. Rf3 Nf8 32. Qf4 Qb7 33. g4 hxg4 34. Qxg4 Rad8 35. h5 Rxd6 36. Rxd6 Rd8 37. Rxd8 Qe7 38. Rdd3 g5 39. Rg3 Nh7 40. Qe4 Qc7 41. h6 Kf8 42. Qxh7 Ke7 43. Rxg5 Qc6 44. Rg7 Qe8 45. Rxf7+ Qxf7 46. Rd7+ Kxd7 47. Qxf7+ Kc6 1-0


[Site "https://www.chess.com"]

[Event "Titled Tuesday Blitz February 21 Late 2023"]
[White "Karwowski, Kacper"]
[Black "Cepo, Toni"]
[WhiteFideId "1126032"]
[BlackFideId "4675916"]
[WhiteElo "2164"]
[BlackElo "2145"]
[Result "1-0"]
[Round "02"]
[TimeControl "180+2"]
[Date "2023.02.21"]
[WhiteClock "0:00:34"]
[BlackClock "0:01:35"]

1. e4 e5 2. d4 exd4 3. Nf3 Nf6 4. e5 Ne4 5. Qxd4 d5 6. exd6 Nxd6 7. Bd3 Nc6 8. Qf4 Be7 9. O-O O-O 10. Nc3 Be6 11. Rd1 Qc8 12. Qg3 Bf6 13. Bg5 Bxg5 14. Nxg5 g6 15. Qh4 h5 16. Re1 Re8 17. Nce4 Nxe4 18. Bxe4 Bf5 19. c3 Bxe4 20. Nxe4 Kh7 21. Nf6+ 1-0


[Site "https://www.chess.com"]

[Event "Titled Tuesday Blitz February 21 Late 2023"]
[White "Bernat, David"]
[Black "Przybylski, Wojciech"]
[WhiteFideId "2099225"]
[BlackFideId "1117599"]
[WhiteElo "1862"]
[BlackElo "2321"]
[Result "0-1"]
[Round "02"]
[TimeControl "180+2"]
[Date "2023.02.21"]
[WhiteClock "0:00:12"]
[BlackClock "0:00:09"]

1. c4 e5 2. Nc3 Nf6 3. g3 Bb4 4. e4 h5 5. h3 h4 6. g4 Nc6 7. Bg2 Nd4 8. Nge2 g5 9. d3 Nxe2 10. Qxe2 Bxc3+ 11. bxc3 Nh7 12. O-O d6 13. c5 Be6 14. cxd6 cxd6 15. c4 Nf8 16. Rb1 b6 17. Be3 Ng6 18. d4 O-O 19. Rfc1 Rc8 20. d5 Bd7 21. Qd2 Nf4 22. Bxf4 gxf4 23. Qb4 Qf6 24. Bf3 Rc5 25. Bd1 Ra5 26. Rb3 Rc8 27. Ra3 Rcc5 28. Rxa5 Rxa5 29. Rc3 Rc5 30. Ra3 Rc7 31. Ba4 Bxa4 32. Qxa4 f3 33. Qe8+ Kg7 34. Rc3 Rc5 35. Qd7 Qf4 36. Qxd6 Qxe4 37. Re3 Qf4 38. Qxe5+ Qxe5 39. Rxe5 Rxc4 40. Rg5+ Kf8 41. Rf5 Rc1+ 42. Kh2 Rd1 43. Rxf3 Rxd5 44. Rf6 Rd2 45. Kg2 Rxa2 46. Rh6 b5 47. Rxh4 a5 48. Rh5 b4 49. Rb5 Ra3 50. h4 b3 51. h5 a4 52. h6 Kg8 53. g5 Ra2 54. Kg3 b2 55. f4 a3 56. f5 Ra1 57. g6 fxg6 58. fxg6 Rg1+ 59. Kf2 Rxg6 0-1


[Site "https://www.chess.com"]

[Event "Titled Tuesday Blitz February 21 Late 2023"]
[White "Garcia, Gabriel Gonzaga"]
[Black "Paspuel, Trosky"]
[WhiteFideId "2138956"]
[BlackFideId "3602150"]
[WhiteElo "2091"]
[BlackElo "1721"]
[Result "1-0"]
[Round "02"]
[TimeControl "180+2"]
[Date "2023.02.21"]
[WhiteClock "0:01:02"]
[BlackClock "0:00:03"]

1. e4 c6 2. Nf3 d5 3. Nc3 dxe4 4. Nxe4 Nf6 5. Ng3 h5 6. h3 h4 7. Ne2 Bf5 8. Ned4 Bg6 9. Bc4 e6 10. d3 Nbd7 11. Bg5 Nb6 12. Bb3 Bc5 13. Ne2 Bh5 14. Nf4 Bxf3 15. Qxf3 Nbd5 16. Nxd5 cxd5 17. O-O-O Be7 18. Rhe1 Rc8 19. Re2 Kf8 20. Rde1 b5 21. Kb1 a5 22. a4 Qd7 23. Qf4 bxa4 24. Bxa4 Qb7 25. Bxh4 Rb8 26. b3 Kg8 27. g3 d4 28. Qxd4 Nd5 29. Bxe7 Qxe7 30. Qxd5 Qa3 31. Qd7 1-0


[Site "https://www.chess.com"]

[Event "Titled Tuesday Blitz February 21 Late 2023"]
[White "Pino Perez, Lazaro"]
[Black "Petrovic, Aleksa"]
[WhiteFideId "3517055"]
[BlackFideId "967629"]
[WhiteElo "2142"]
[BlackElo "2332"]
[Result "1-0"]
[Round "02"]
[TimeControl "180+2"]
[Date "2023.02.21"]
[WhiteClock "0:00:10"]
[BlackClock "0:00:12"]

1. d4 e6 2. Bf4 f5 3. e3 Nf6 4. Nf3 Be7 5. h3 O-O 6. Bd3 d6 7. Nbd2 Nc6 8. c3 Qe8 9. g4 Bd8 10. Bg5 e5 11. dxe5 dxe5 12. Bxf6 Rxf6 13. gxf5 Bxf5 14. Bxf5 Rxf5 15. Ne4 Qf7 16. Nfd2 Bh4 17. Rf1 Kh8 18. Qg4 g5 19. O-O-O h5 20. Qe2 Kh7 21. Ng3 Bxg3 22. fxg3 Kh6 23. g4 Rxf1 24. Rxf1 Qxa2 25. Rf6+ Kg7 26. Qf3 Ne7 27. gxh5 Rd8 28. h6+ Kg8 29. Qh5 Rxd2 30. Qxg5+ 1-0


[Site "https://www.chess.com"]

[Event "Titled Tuesday Blitz February 21 Late 2023"]
[White "Antonios, Johnny"]
[Black "Fajdetic, Hrvoje"]
[WhiteFideId "5300843"]
[BlackFideId "14501945"]
[WhiteElo "2269"]
[BlackElo "2151"]
[Result "1/2-1/2"]
[Round "02"]
[TimeControl "180+2"]
[Date "2023.02.21"]
[WhiteClock "0:00:54"]
[BlackClock "0:00:42"]

1. e4 c5 2. Nf3 a6 3. c3 d5 4. exd5 Qxd5 5. d4 Bg4 6. Be2 e6 7. O-O Nf6 8. Be3 Nbd7 9. h3 Bh5 10. c4 Qd6 11. Nc3 Be7 12. dxc5 Nxc5 13. b4 Qxd1 14. Rfxd1 Nce4 15. Nxe4 Nxe4 16. Bd2 Bf6 17. Rac1 Nxd2 18. Rxd2 Bxf3 19. Bxf3 Bg5 20. Bxb7 Ra7 21. Bc6+ Ke7 22. Rcd1 Bxd2 23. Rxd2 Rd8 24. Rc2 Rc8 25. b5 axb5 26. cxb5 Ra5 27. Rb2 Kd6 28. Bf3 Rc1+ 29. Kh2 Ra1 30. b6 R1xa2 31. Rb1 Ra1 32. Rb2 R1a2 33. Rb1 Ra1 34. Rb2 R1a2 1/2-1/2


[Site "https://www.chess.com"]

[Event "Titled Tuesday Blitz February 21 Late 2023"]
[White "Roman, Rodrigo"]
[Black "Yeritsyan, Hayk"]
[WhiteFideId "3701220"]
[BlackFideId "13307320"]
[WhiteElo "2058"]
[BlackElo "2241"]
[Result "1/2-1/2"]
[Round "02"]
[TimeControl "180+2"]
[Date "2023.02.21"]
[WhiteClock "0:01:00"]
[BlackClock "0:00:12"]

1. e4 c6 2. Ne2 d5 3. e5 c5 4. d4 Nc6 5. c3 cxd4 6. cxd4 Bg4 7. f3 Bf5 8. Ng3 Bxb1 9. Rxb1 e6 10. f4 Qa5+ 11. Bd2 Bb4 12. Bxb4 Qxb4+ 13. Qd2 Qxd2+ 14. Kxd2 Nxd4 15. Rc1 Nc6 16. Bb5 Ne7 17. Ne2 a6 18. Ba4 b5 19. Bc2 Kd7 20. Bd3 h5 21. Rc5 Rhc8 22. Rhc1 Nd8 23. Nd4 Rxc5 24. Rxc5 Rc8 25. Rxc8 Kxc8 26. a4 Ndc6 27. Nxc6 Nxc6 28. axb5 axb5 29. Bxb5 Ne7 30. Be2 h4 31. g3 hxg3 32. hxg3 Kc7 33. g4 f6 34. exf6 gxf6 35. Kc3 e5 36. fxe5 fxe5 37. Bd3 Kd6 38. b4 Kc6 39. Bh7 Kd6 40. g5 e4 41. b5 Kc5 42. g6 Nf5 43. b6 Kxb6 44. g7 Nxg7 45. Bxe4 dxe4 46. Kd4 e3 47. Kxe3 1/2-1/2


[Site "https://www.chess.com"]